 Dungeon Crawl Stone Soup version 0.31-a0-188-g5e087ee2ca (webtiles) character file.

Game seed: 6738796885869301161

4 qw the Shooter (level 1, 0/12 HPs)
             Began as a Deep Elf Hunter on June 23, 2023.
             Slain by a frilled lizard (2 damage)
             ... on level 1 of the Dungeon.
             The game lasted 00:00:03 (72 turns).

qw the Shooter (Deep Elf Hunter)                      Turns: 72, Time: 00:00:03

Health: 0/12       AC:  3    Str:  8    XL:     1   Next: 50%
Magic:  3/3        EV: 12    Int: 13    God:
Gold:   24         SH:  0    Dex: 18    Spells: 0/0 levels left

rFire   . . .        a - +0 shortbow
rCold   . . .        (shield currently unavailable)
rNeg    . . .        c - +0 leather armour
rPois   .            (no helmet)
rElec   .            (no cloak)
rCorr   .            (no gloves)
SInv    .            (no boots)
Will    .....        (no amulet)
Stlth   ++           (no ring)
HPRegen 0.22/turn    (no ring)
MPRegen 0.08/turn

%: no passive effects
@: no status effects
A: no striking features
a: no special abilities


You were on level 1 of the Dungeon.
You visited 1 branch of the dungeon, and saw 1 of its levels.

You collected 24 gold pieces.


   Skills:
 - Level 1.5 Fighting
 + Level 5.6 Ranged Weapons
 - Level 2.4 Dodging
 - Level 1.2 Stealth


You couldn't memorise any spells.
You didn't know any spells.
Your spell library was empty.

Inventory:

Hand Weapons
 a - a +0 shortbow (weapon)
Armour
 c - a +0 leather armour (worn)
Scrolls
 b - a scroll of butterflies
Potions
 d - a potion of enlightenment {unknown}
 e - 2 potions of brilliance {unknown}

Dungeon Overview and Level Annotations

Branches:
Dungeon (1/15)

Altars:

Shops:
D:1 ?


Message History

You kill the goblin!
A bat comes into view.
The bat moves out of view.
A rat comes into view.
You see here 3 gold pieces.
You shoot an arrow. The arrow hits the rat.
You kill the rat!
A kobold comes into view. It is wielding a +0 short sword.
A quokka comes into view.
You shoot an arrow. The arrow misses the quokka.
The kobold shouts!
You shoot an arrow. The arrow completely misses the quokka.
You shoot an arrow. The arrow hits the quokka.
The quokka is almost dead.
A frilled lizard comes into view.
You shoot an arrow.
The arrow hits the quokka but does no damage.
The quokka is almost dead.
The bat barely misses you. The quokka bites you. The quokka closely misses you.
You shoot an arrow. The arrow misses the quokka.
The arrow hits the frilled lizard but does no damage.
The bat closely misses you.
A goblin comes into view. It is wielding a +0 dagger.
A gnoll comes into view. It is wielding a +0 club.
The quokka barely misses you. The bat closely misses you.
You shoot an arrow. The gnoll shouts!
The arrow hits the quokka.
The quokka is almost dead.
The bat hits you but does no damage. The bat barely misses you.
The quokka barely misses you. The frilled lizard barely misses you.
You shoot an arrow.
The arrow hits the quokka but does no damage.
The quokka is almost dead.
The bat hits you but does no damage. The bat hits you. The quokka misses you.
The quokka bites you. The frilled lizard bites you.
You shoot an arrow. The arrow hits the quokka!
You kill the quokka!
The bat closely misses you. The bat hits you. The frilled lizard bites you.
You die...

###.##..#
#..###.# #..#
#.# ##..# #.#
## ##...# #.#
...#....# #.#
#..gg.#.# ###
..##%.#.# .
#...K@#
#..##lb....%..
.!).
#######... ...


You could see a gnoll, a goblin, a bat, a kobold and a frilled lizard.

Vanquished Creatures
  An endoplasm (D:1)
  A goblin (D:1)
  A quokka (D:1)
  2 rats (D:1)
5 creatures vanquished.

Notes
Turn   | Place    | Note
-------+----------+-------------------------------------------
     0 | D:1      | qw the Deep Elf Hunter began the quest for the Orb.
     0 | D:1      | Reached XP level 1. HP: 12/12 MP: 3/3
     0 | D:1      | 0 ||| qw: Version: 0.3-a-9-g12657ce
     0 | D:1      | 0 ||| qw: Game counter: 4284
     0 | D:1      | 0 ||| qw: Always use a shield: true
     0 | D:1      | 0 ||| qw: God list: Okawaru
     0 | D:1      | 0 ||| qw: Allow faded altars: false
     0 | D:1      | 0 ||| qw: Do Orc after D:15 true
     0 | D:1      | 0 ||| qw: Do second Lair branch before Depths: true
     0 | D:1      | 0 ||| qw: Lair rune preference: random
     0 | D:1      | 0 ||| qw: Plans: Normal
     0 | D:1      | 0 ||| PLANNING D:1-11
    15 | D:1      | Found Dibbaq's Magic Scroll Emporium.
    25 | D:1      | 25 ||| SHOPLISTING scroll of brand weapon (123 gold, have
                  | 24).
    25 | D:1      | 25 ||| SHOPLISTING scroll of teleportation (39 gold, have
                  | 24).
    71 | D:1      | HP: 3/12 [frilled lizard (2)]
    72 | D:1      | Slain by a frilled lizard

Levels and vault maps discovered:
D:1:      heliophobic_arrival_battle_scene, layout_rooms,
          hellmonk_ecumenical_altar_pennies_from_heaven, serial_shops,
          nicolae_square_shop, nicolae_shop_scrapyard, nicolae_shop_peninsula,
          nicolae_lakefront_shop, shop_statue

Action                     || total
---------------------------++-------
   Fire: Shortbow          ||    14
 Armour: Leather armour    ||     2
  Dodge: Dodged            ||    10

Table legend:
 A = Non-vault XP
 B = Vault XP
 C = Vault XP percentage of total XP
 D = Non-vault monster count
 E = Vault monster count
 F = Vault count percentage of total count
                 A         B        C        D         E       F
            +---------+---------+-------+---------+---------+-------
      Total |       8 |       0 |   0.0 |       5 |       0 |   0.0
            +---------+---------+-------+---------+---------+-------
        D:1 |       8 |       0 |   0.0 |       5 |       0 |   0.0
            +---------+---------+-------+---------+---------+-------
